 Dungeon Crawl Stone Soup version 0.31.0-4-g52a2dc7128 (console) character file.

Game seed: 2622681064305854509

774 AlterAsc the Changeling (level 7, -2/36 HPs)
             Began as a Spriggan Shapeshifter on Jan 21, 2024.
             Killed by divine providence
             ... invoked by an orc priest
              (10 damage)
             ... on level 4 of the Dungeon.
             The game lasted 00:18:28 (4656 turns).

AlterAsc the Changeling (Spriggan Shapeshifter)     Turns: 4656, Time: 00:18:28

Health: -2/36      AC:  2    Str: 10    XL:     7   Next: 53%
Magic:  8/8        EV: 20    Int: 12    God:
Gold:   112        SH:  0    Dex: 16    Spells: 6/6 levels left

rFire   . .          .
                       - Unarmed
rCold   . . .        (no shield)
rNeg    + . .        a - +0 animal skin
rPois   .            (helmet currently unavailable)
rElec   .            (cloak currently unavailable)
rCorr   .            (gloves unavailable)
SInv    +            (boots unavailable)
Will    +....        (no amulet)
Stlth   +            r - ring of positive energy
HPRegen 0.26/turn    (no ring)
MPRegen 0.11/turn

%: no passive effects
@: beast-form, very quick
A: beast (slay +3), very small, no large weapons, unfitting armour, see
invisible, speed 3
a: Begin Untransformation


You were on level 4 of the Dungeon.
You were a hulking beast.
You visited 1 branch of the dungeon, and saw 4 of its levels.

You collected 112 gold pieces.

Inventory:

Hand Weapons
 h - a +0 dagger
Missiles
 j - a curare-tipped dart (quivered)
 n - a throwing net
Armour
 a - a +0 animal skin (worn)
 t - a +1 pair of gloves
Jewellery
 f - a ring of magical power
 r - a ring of positive energy (left hand)
Talismans
 c - a beast talisman
 d - a flux talisman
 q - a blade talisman
Scrolls
 e - 2 scrolls of blinking {unknown}
 g - a scroll of amnesia {unknown}
 i - 3 scrolls of teleportation {unknown}
 p - 2 scrolls of immolation {unknown}
 s - a scroll of revelation {unknown}
Potions
 b - a potion of lignification
 k - a potion of heal wounds {unknown}
 l - 2 potions of curing {unknown}
 m - a potion of magic {unknown}
 o - a potion of brilliance {unknown}


   Skills:
 + Level 3.4 Fighting
 + Level 6.1 Dodging
 + Level 4.2 Unarmed Combat
 + Level 6.4 Shapeshifting


You had 6 spell levels left.
You didn't know any spells.
Your spell library contained the following spells:

 Spells                   Type           Power      Damage    Failure   Level
 Summon Forest            Summ/Tloc      0%         N/A       100%        5
 Eringya's Noxious Bog    Alch           0%         4d6       100%        6
 Summon Hydra             Summ           0%         N/A       100%        7


Dungeon Overview and Level Annotations

Branches:
Dungeon (4/15)
 Temple: D:4-7

Altars:
Elyvilon
Nemelex Xobeh
Trog
Uskayaw
Vehumet
Xom
The Shining One

Shops:
D:3 [


Innate Abilities, Weirdness & Mutations

You are a hulking beast.
Your limbs bulge with bestial killing power. (Slay +3)
You are very small and have problems with some larger weapons.
You are too small for most types of armour.
You have supernaturally acute eyesight. (SInv)
You cover ground extremely quickly. (Speed+++)


Message History

Things that are here:
a +0 dagger; a +0 robe; an orc corpse
Things that are here:
a +0 dagger; a +0 robe; an orc corpse An orc priest is nearby!
The orc priest shouts!
You hear a shout! x2
Found a stone staircase leading down.
The orc wizard points at you and mumbles some strange words.
The puff of flame hits you!
You barely miss the orc wizard. The orc wizard misses you.
You hit the orc wizard.
The orc wizard is moderately wounded.
The orc wizard hits you with a +0 mace.
You closely miss the orc wizard.
The orc wizard is moderately wounded.
The orc wizard misses you. The orc priest completely misses you.
You punch the orc wizard!
The orc wizard is almost dead.
The orc wizard misses you. The orc priest completely misses you.
You hit the orc wizard.
You kill the orc wizard!
The orc priest barely misses you.
You barely miss the orc priest.
The orc priest mumbles some strange prayers to Beogh against you.
Pain shoots through your body!
You closely miss the orc priest.
The orc priest invokes the aid of Beogh against you.
Beogh smites you!
* * * LOW HITPOINT WARNING * * *
You hit the orc priest.
The orc priest is heavily wounded.
You barely miss the orc priest.
The orc priest is heavily wounded.
The orc priest barely misses you.
You punch the orc priest!
You kill the orc priest!
The orc priest shouts!
The orc priest invokes the aid of Beogh against you.
Beogh smites you!
You die... .oo

.....................#.
#..o.....#............
#..o..h..#............
##..#.#...#............
...... # #..............#.
......## #..........##....
.......# #.....#...###....
....>...##.....##...##....
#.....#.#....###...##....
#.........##......<......
. ##...h.###....#.......
###.#)...######.###.....##
......#....#.###.........#
...o..##)...............##
.....o..........#.##...##
................#.#....#
....##.....)...........#
... #.......#.......###
.......#..#####....#
#......##### ##...#
#..##.# #...#


You could see an orc priest.

Vanquished Creatures
  Grinder (D:3)
  An ogre (D:3)
  A phantom (D:3)
  A howler monkey (D:3)
  A jelly (D:2)
  A bombardier beetle (D:4)
  An orc priest (D:4)
  2 iguanas
  3 orc wizards (D:4)
  6 gnolls
  4 adders
  2 ribbon worms (D:3)
  A dart slug (D:4)
  6 orcs
  7 endoplasms
  2 giant cockroaches (D:1)
  8 goblins
  6 hobgoblins
  8 jackals
  4 quokkas
  5 ball pythons
  3 bats
  3 frilled lizards
  3 kobolds
  6 rats
86 creatures vanquished.

Notes
Turn   | Place    | Note
-------+----------+-------------------------------------------
     0 | D:1      | AlterAsc the Spriggan Shapeshifter began the quest for the
                  | Orb.
     0 | D:1      | Reached XP level 1. HP: 9/9 MP: 2/2
   118 | D:1      | Reached skill level 1 in Fighting
   218 | D:1      | Reached XP level 2. HP: 13/14 MP: 3/3
  1143 | D:3      | Found Huoh's Armour Shop.
  1152 | D:3      | Reached XP level 3. HP: 18/18 MP: 4/4
  1281 | D:2      | Found a faded altar of an unknown god.
  1606 | D:2      | Reached XP level 4. HP: 16/23 MP: 5/5
  1834 | D:3      | Noticed Grinder
  2422 | D:3      | Reached skill level 5 in Shapeshifting
  2471 | D:3      | Reached XP level 5. HP: 15/26 MP: 6/6
  2530 | D:3      | Noticed a phantom
  2756 | D:3      | Killed a phantom
  2936 | D:3      | Paralysed by Grinder for 3 turns
  2949 | D:3      | Paralysed by Grinder for 5 turns
  2977 | D:3      | Paralysed by Grinder for 3 turns
  2986 | D:3      | Killed Grinder
  2987 | D:3      | Reached skill level 5 in Dodging
  2987 | D:3      | Reached XP level 6. HP: 32/32 MP: 7/7
  3323 | D:4      | Reached XP level 7. HP: 33/36 MP: 8/8
  4389 | D:4      | Found a hide-covered altar of Uskayaw.
  4389 | D:4      | Found a bloodstained altar of Trog.
  4391 | D:4      | Found a radiant altar of Vehumet.
  4391 | D:4      | Found a white marble altar of Elyvilon.
  4392 | D:4      | Found a sparkling altar of Nemelex Xobeh.
  4394 | D:4      | Found a glowing golden altar of the Shining One.
  4396 | D:4      | Found a shimmering altar of Xom.
  4656 | D:4      | Killed from afar by an orc priest

Illustrated notes

Levels and vault maps discovered:
D:1:      ldierk_walled_garden, layout_loops_corners
D:2:      layout_basic, dreamdust_ecumenical_altar_statues
D:3:      layout_rooms, serial_shops, shop, uniq_grinder
D:4:      layout_cave_pools, grunt_temple_overflow_open, nicolae_alphabet_shops

Skill      XL: |  1  2  3  4  5  6  7 |
---------------+----------------------+-----
Fighting       | 1 2 3 |  3.4
Dodging        | 3 4 5 6 |  6.1
Unarmed Combat | 3 4 |  4.2
Shapeshifting  | 5 6 |  6.4

Action                     |  1- 3 |  4- 6 |  7- 9 || total
---------------------------+-------+-------+-------++-------
  Melee: Unarmed           |   116 |   119 |    74 ||   309
         Punch             |     1 |     2 |     1 ||     4
  Throw: Dart              |     3 |    11 |     6 ||    20
  Evoke: Wand              |       |    15 |       ||    15
   Stab: Sleeping          |     2 |     1 |       ||     3
         Distracted        |       |     1 |       ||     1
 Armour: Animal skin       |    29 |    39 |    35 ||   103
  Dodge: Dodged            |    77 |    79 |    73 ||   229
